SCURSCUM, neutral female scurrid Tourist ------------------------- --------------- |..................?....| ........a..j..| |...........F...........| ..........a}}..h..| ---------..?...}}}}...[.........--------- ....}}}}.....}a}a.. |}}}.....}}}..}}}}}}..........}}}}..<.ooo.o}}}..}>....} |}}}..t.}}.}}}}....}}...}}}..}}..}}}}}oo}}}}Q.... }}}j..........e.}}}}}.}}}.......}}}}}} ..............}}.......*..... -.........l.....'.......- |.....d.......c.........| -..[..u.@}}}}?...}}..i..- |}}}..........}}}...=.....}}}......}}}........}}} |}}}}.j......}}}.............}...}}..}}}}}}....}}.}.....}}}...}}}....}}}| |}}}}}}}}..}}}.}}}}}}.u(......}}}......}}}}}......!..}}}}........}}}}}}}| |}}}}}}..}}}........}}}...}}}}............}}}}}..}}}}.}}}}}........}}}}}| ---------..........[...}}}......--------- ...}}}...'}}}}}}.....--------- |........!%.............| .......}}......| |........u..............| ..........| ------------------------- ----------- SCURSCUM the Rambler Experience level: 1 Strength: 15 Dexterity: 10 Constitution: 14 Intelligence: 12 Wisdom: 8 Charisma: 18 Health: 0(9) Energy: 2(2) Def: 0 Gold: 2016 Moves: 37 Dungeon seed: XmarG8pICfI6vzHi Game ID: SCURSCUM_1498722866 Your Inventory: Coins $ - 2016 gold pieces Weapons a - 48 uncursed +2 darts (in quiver) Potions g - 2 uncursed potions of extra healing Wands l - an uncursed wand of secret door detection (0:13) Tools j - an uncursed expensive camera (0:59) k - an uncursed credit card m - an uncursed oil lamp (0:1054) Spells and supernatural/magical abilities: Name Level Category Fail Memory W - pray for help -- divine ? -- Your skills at the end: Miscellaneous Skills wands [Basic] Weapon Skills dart [Basic] Spellcasting Skills Final Attributes: You were devoutly aligned. You had infravision. You were very stealthy. You are dead. Vanquished creatures: 2 jackals Voluntary challenges: You went without food. You did not adorn yourself with jewelry or accessories. You did not cause conflict. You were not invisible. You did not have reflection. You were not displaced. You were an atheist. You never hit with a wielded weapon. You were a pacifist. You did not use tools. You did not use plumbed fixtures. You did not drink any magical draughts. You were illiterate. You never genocided any monsters. You never polymorphed an object. You never changed form. You used no wishes. You never split a pudding. You never wrote Elbereth's name. You never violated your personal moral code. Dungeon overview: The Dungeons of Doom: levels 1 to 13 Level 1 a long staircase Level 2 Level 3 Level 4 Level 5 Level 6 a fountain Level 7 Level 8 Level 9 Level 10 a sink Level 11 Level 12 Level 13 <- You were here History has recorded: On T:1 you entered the Dungeons of Doom to retrieve the Amulet of Yendor! On T:7 you reached level 2 of The Dungeons of Doom. On T:9 you reached level 3 of The Dungeons of Doom. On T:11 you reached level 4 of The Dungeons of Doom. On T:13 you reached level 5 of The Dungeons of Doom. On T:16 you reached level 6 of The Dungeons of Doom. On T:18 you reached level 7 of The Dungeons of Doom. On T:20 you reached level 8 of The Dungeons of Doom. On T:22 you reached level 9 of The Dungeons of Doom. On T:25 you reached level 10 of The Dungeons of Doom. On T:27 you reached level 11 of The Dungeons of Doom. On T:29 you reached level 12 of The Dungeons of Doom. On T:36 you reached level 13 of The Dungeons of Doom. Score breakdown: Gold: 1962 ( 196 points) Experience: 1 level ( 0 points) Exploration: 13 levels ( 360 points) Discoveries: 1 item ( 50 points) Variety of kills: 1 monster ( 50 points) Major goal: (nothing yet) ( 0 points) Survival: died (score multiplied by 3) Total score: 1968 Latest messages: You start digging downward. You continue digging downward. You dig a pit in the floor. You continue digging downward. You dig a hole through the floor. You fall through... The Green-elf wields a runed bow! The hill orc zaps a crystal wand! The wand hits it. (2x) You start digging downward. The Green-elf shoots 2 runed arrows! The 1st runed arrow hits it. The 2nd runed arrow hits it. The hill orc throws a crude dagger! The crude dagger hits it. The hill orc zaps a wand of striking! The wand hits it. You continue digging downward. As you dig, the hole fills with lava! You fall into the lava! Your Hawaiian shirt bursts into flame! You burn to a crisp... Final status: Aloha SCURSCUM the Tourist, burned by molten lava... You burned in The Dungeons of Doom on dungeon level 13 with 1968 points, and 2016 pieces of gold, after 37 moves. You were level 1 with a maximum of 9 hit points when you burned.